 Dungeon Crawl Stone Soup version 0.31.0 (webtiles) character file.

Game seed: 11545601704357546861

226449 qw the Crack Shot (level 19, -1/128 HPs)
             Began as a Gargoyle Hunter on Jan 19, 2024.
             Was a High Priest of Okawaru.
             Killed from afar by an ironbound frostheart (28 damage)
             ... by creeping frost
             ... on level 2 of the Vaults.
             The game lasted 00:06:54 (30000 turns).

qw the Crack Shot (Gargoyle Hunter)                Turns: 30000, Time: 00:06:55

Health: -1/128     AC: 37    Str: 21    XL:     19   Next: 35%
Magic:  22/26      EV: 25    Int: 16    God:    Okawaru [*****.]
Gold:   609        SH:  0    Dex: 29    Spells: 18/18 levels left

rFire   . . .        C - +6 hand cannon "Goanu" {elec, Str+3 Dex+4}
rCold   . . .        (no shield)
rNeg    + . .        p - +5 steam dragon scales
rPois   inf          a - +2 helmet of the Kraken {rC+ Int+3 Slay+3}
rElec   +            b - scarf of Nonuruikk {repulsion, Regen+ Str+2 Int+2}
rCorr   +            g - +2 pair of gloves
SInv    +            w - +2 pair of boots "Hiysaoth" {rCorr}
Will    +....        v - amulet of regeneration
Stlth   +++          u - ring of see invisible
HPRegen 2.01/turn    m - +6 ring of dexterity
MPRegen 0.20/turn

%: repel missiles
@: finesse-ful, frozen, flying, very slow
A: sickness immunity, AC +14, big wings, negative energy resistance 1,
electricity resistance, torment resistance 1, petrification resistance, cold
vulnerability 1
}: 1/15 runes: serpentine
a: Renounce Religion, Heroism, Finesse, Duel


You were on level 2 of the Vaults.
You worshipped Okawaru.
Okawaru was extremely pleased with you.
You visited 7 branches of the dungeon, and saw 32 of its levels.

You collected 2634 gold pieces.
You spent 2025 gold pieces at shops.


Innate Abilities, Weirdness & Mutations

You are immune to sickness and miasma.
Your stone body is resilient. (AC +14)
You are immune to poison.
Your large and strong wings let you fly.
You resist negative energy. (rN+)
You are resistant to electric shocks. (rElec)
You are resistant to unholy torment.
You are immune to petrification.
You are vulnerable to cold. (rC-)


   Skills:
 - Level 17.6 Fighting
 - Level 24.0 Ranged Weapons
 - Level 10.0 Armour
 + Level 12.4 Dodging
 - Level 1.1 Stealth
 - Level 10.0 Invocations


You had 18 spell levels left.
You didn't know any spells.
Your spell library was empty.

Inventory:

Hand Weapons
 C - the +6 hand cannon "Goanu" (weapon) {elec, Str+3 Dex+4}
   (You found it on level 1 of the Shoals)

   Str+3:     It affects your strength (+3).
   Dex+4:     It affects your dexterity (+4).
Armour
 a - the +2 helmet of the Kraken (worn) {rC+ Int+3 Slay+3}
   (You acquired it on level 8 of the Dungeon)

   Int+3:     It affects your intelligence (+3).
   Slay+3:    It affects your accuracy & damage with ranged weapons and melee
   (+3).
   rC+:       It protects you from cold.
 b - the scarf of Nonuruikk (worn) {repulsion, Regen+ Str+2 Int+2}
   (Okawaru gifted it to you on level 5 of the Lair of Beasts)

   Str+2:     It affects your strength (+2).
   Int+2:     It affects your intelligence (+2).
   Regen+:    It increases your rate of health regeneration.
 g - a +2 pair of gloves (worn)
 p - +5 steam dragon scales (worn)
 w - the +2 pair of boots "Hiysaoth" (worn) {rCorr}
   (You found it on level 4 of the Lair of Beasts)

   rCorr:     It protects you from acid and corrosion.
 x - a scarf of resistance
 E - a +2 robe of resistance
Jewellery
 m - a +6 ring of dexterity (right hand)
 u - a ring of see invisible (left hand)
 v - an amulet of regeneration (around neck)
 A - a +4 ring of protection
 Y - a ring of protection from fire
Wands
 r - a wand of acid (21)
 s - a wand of iceblast (24)
 z - a wand of paralysis (4)
 D - a wand of digging (6)
 F - a wand of polymorph (6)
Scrolls
 h - 12 scrolls of teleportation
 l - 12 scrolls of identify
 n - 4 scrolls of enchant weapon
 y - 2 scrolls of brand weapon
Potions
 c - 4 potions of enlightenment
 d - 4 potions of might
 e - a potion of heal wounds
 f - 20 potions of curing
 j - 6 potions of haste
 o - a potion of magic
 q - 2 potions of resistance
 t - 2 potions of cancellation
 B - 2 potions of mutation

Dungeon Overview and Level Annotations

Branches:
Dungeon (15/15)            Temple (1/1) D:5            Lair (5/5) D:10
 Shoals (3/4) Lair:2        Snake (4/4) Lair:3        Slime (0/5) Lair:5
    Orc (2/2) D:9             Elf (0/3) Orc:2        Vaults (2/5) D:13
 Depths (0/4) D:15
  Crypt: Vaults:2-3

Altars:
Ashenzari
Cheibriados
Dithmenos
Elyvilon
Fedhas
Gozag
Hepliaklqana
Kikubaaqudgha
Makhleb
Nemelex Xobeh
Okawaru
Qazlal
Ru
Sif Muna
Trog
Uskayaw
Vehumet
Wu Jian
Xom
Yredelemnul
Zin
The Shining One

Shops:
D:2 !   D:3 *   D:9 :   D:11 ?=   Orc:1 (   Orc:2 ([([!=!*:   Shoals:1 ?
Snake:2 *

Annotations:
D:1 2 transporters
D:6 2 transporters, qw's ghost, novice GrHu
D:14 3 runed translucent doors, Jogov's ghost, journeyman DgHW
Lair:1 2 transporters, exclusion: oklob plant, qw's ghost, novice GrHu
Snake:3 1 runed translucent door
Orc:1 3 runed translucent doors, Maimakterion's ghost, journeyman GrFi


Message History

You shoot a bolt. The vault warden blocks the bolt.
The vault warden hits you but does no damage.
You shoot a bolt. The bolt hits the vault guard!!
The vault guard is moderately wounded.
The vault guard completely misses you.
You shoot a bolt. The bolt hits the vault guard!!
The vault guard is heavily wounded.
The vault guard misses you.
The vault warden hits you with a +1 war axe of freezing.
The vault warden freezes you.
You shoot a bolt. The bolt hits the vault guard!
The vault guard is severely wounded.
The vault guard completely misses you.
You shoot a bolt. The bolt hits the vault guard!
The vault guard is almost dead.
The vault guard hits you but does no damage.
The vault warden hits you but does no damage.
The ironbound frostheart calls freezing cold from the walls.
The frost grips you!!
You are encased in ice.
You shoot a bolt.
The bolt hits the vault guard but does no damage.
The vault guard is almost dead.
The vault guard hits you but does no damage.
You shoot a bolt. The bolt hits the vault guard!
You kill the vault guard!
Okawaru accepts your kill.
The vault warden hits you with a +1 war axe of freezing!!
The vault warden freezes you.
You shoot a bolt. The bolt hits the yaktaur captain!
Lightning courses through the yaktaur captain!
The yaktaur captain is moderately wounded.
The vault guard hits you but does no damage.
You shoot a bolt. The bolt hits the yaktaur captain!!
Lightning courses through the yaktaur captain!!
The yaktaur captain is severely wounded.
The vault warden completely misses you. The yaktaur captain hits you!
The ironbound frostheart calls freezing cold from the walls.
The frost grips you!!
You die...

##### #...# . #### ##.....## ..
...###.......###############
#.G 8..##..# #..##...........#
.'pc '..'...#
#...#..........)#..#.c '..#...+
#...+pC.........+..# '..#...#
#...#pcp...c....+..#
'..##..#####..##@pG........####
8..###...!...###############
...# ##.....## #### ##...##
#####


You could see a vault warden, 2 yaktaur captains, 2 vault guards, a great orb of
eyes, an ettin and an ironbound frostheart.

Vanquished Creatures
  Jorgrun (D:12)
  Frances (Snake:1)
  Ilsuiw (Shoals:2)
  7 nagarajas (Snake:4)
  A vault warden (Vaults:1)
  Louise (D:15)
  4 ironbound preservers (Vaults:1)
  An ironbound thunderhulk (Vaults:1)
  3 dire elephants (Lair:5)
  A war gargoyle (Vaults:1)
  2 merfolk impalers (Shoals:1)
  An ettin (D:15)
  3 merfolk javelineers
  A deep elf high priest (Vaults:1)
  4 vault guards
  An entropy weaver (Vaults:1)
  2 yaktaur captains (Vaults:1)
  3 salamander tyrants
  A great orb of eyes (Vaults:2)
  3 hydras
  An alligator snapping turtle (Shoals:1)
  2 ironbound frosthearts (Vaults:1)
  19 naga warriors
  14 anacondas
  4 boulder beetles
  10 centaur warriors
  A catoblepas (Lair:5)
  7 two-headed ogres
  18 death yaks
  A tengu warrior (D:15)
  7 shock serpents
  A merfolk aquamancer (Shoals:1)
  Urug (Lair:5)
  18 naga sharpshooters
  An occultist (D:15)
  A spectral dire elephant (Lair:5)
  A spectral death yak (Lair:5)
  3 orc high priests (Orc:2)
  7 sea snakes
  3 skysharks
  12 mana vipers
  5 salamander mystics
  A spectral anaconda (Lair:5)
  7 naga ritualists
  An obsidian statue (Lair:5)
  16 deep trolls
  An orange crystal statue (Lair:4)
  4 lindwurms
  5 necromancers
  10 orc knights
  6 harpies
  A deep elf zephyrmancer (D:13)
  An ironbound convoker (Vaults:1)
  A deep elf pyromancer (D:15)
  4 manticores
  6 orc sorcerers
  8 ugly things
  6 fauns (Shoals:1)
  23 salamanders
  5 cyclopes
  6 merfolk sirens
  6 kobold blastminers (Orc:2)
  21 naga magi
  42 black mambas
  3 water nymphs
  11 elephants
  2 vault sentinels
  2 torpor snails
  A water nymph (shapeshifter) (Vaults:1)
  5 guardian serpents
  13 cane toads
  A gargoyle (D:14)
  4 unseen horrors
  Maggie (D:6)
  2 kobold demonologists
  6 komodo dragons
  4 rime drakes
  2 yaktaurs
  8 merfolk
  3 tengu conjurers (D:15)
  11 trolls
  3 polar bears
  8 hornets
  15 blink frogs
  A spectral elephant (Lair:5)
  A blink frog (shapeshifter) (D:15)
  5 dream sheep (Lair:5)
  A jumping spider (Vaults:1)
  A culicivora (Vaults:1)
  9 snapping turtles
  6 slime creatures
  2 shadows
  5 vampires
  2 wraiths
  4 wyverns
  5 fire bats
  52 yaks
  5 basilisks
  8 water elementals
  A redback (Vaults:1)
  9 vampire mosquitoes
  3 steam dragons
  A warg (Orc:2)
  2 death yak simulacra (Lair:5)
  3 acid dragons
  68 nagas
  2 spectral cane toads (Lair:5)
  20 water moccasins
  20 orc warriors
  2 sky beasts
  An elephant zombie (Lair:5)
  An ice beast (D:7)
  3 black bears
  4 ogres
  22 wolves
  11 centaurs
  4 laughing skulls (D:15)
  An elephant skeleton (Lair:5)
  A phantom (D:5)
  3 kobold brigands
  11 bullfrogs
  A gnoll sergeant (D:10)
  9 wights
  4 scorpions
  A cane toad simulacrum (Lair:5)
  2 elephant simulacra (Lair:5)
  2 howler monkeys
  3 electric eels
  28 orc priests
  A bombardier beetle (D:6)
  4 hounds
  13 jellies
  2 gnoll boudas
  3 sleepcaps
  5 iguanas
  39 orc wizards
  7 hell rats (Lair:3)
  19 gnolls
  5 adders
  A white imp (D:7)
  3 ribbon worms
  2 dart slugs
  72 orcs
  12 endoplasms
  3 giant cockroaches
  6 hobgoblins
  2 jackals (D:1)
  4 quokkas
  4 ball pythons
  5 bats
  3 frilled lizards
  7 goblins
  19 kobolds
  2 rats (D:1)
1058 creatures vanquished.

Notes
Turn   | Place    | Note
-------+----------+-------------------------------------------
     0 | D:1      | qw the Gargoyle Hunter began the quest for the Orb.
     0 | D:1      | Reached XP level 1. HP: 12/12 MP: 1/1
     0 | D:1      | 0 ||| qw: Version: 0.3-a-132-g3d54051
     0 | D:1      | 0 ||| qw: Game counter: 266
     0 | D:1      | 0 ||| qw: Melee chars always use a shield: true
     0 | D:1      | 0 ||| qw: God list: Okawaru
     0 | D:1      | 0 ||| qw: Allow faded altars: false
     0 | D:1      | 0 ||| qw: Do Orc after clearing Dungeon:15 true
     0 | D:1      | 0 ||| qw: Do second Lair branch before Depths: true
     0 | D:1      | 0 ||| qw: Lair rune preference: random
     0 | D:1      | 0 ||| qw: Goals: Normal
     0 | D:1      | 0 ||| PLANNING D:1-11
   118 | D:1      | Reached XP level 2. HP: 17/17 MP: 2/2
   576 | D:1      | 576 ||| UPGRADING to +0 pair of gloves.
   581 | D:1      | 581 ||| READING scroll labelled NIBLOXKAYMM.
   682 | D:1      | 682 ||| READING scroll labelled UNOYXKYAHO.
   682 | D:1      | 682 ||| ENCHANTING +0 pair of gloves.
   683 | D:1      | 683 ||| DROPPING scroll of butterflies.
   741 | D:2      | Reached XP level 3. HP: 21/21 MP: 3/3
   787 | D:2      | Reached skill level 5 in Ranged Weapons
   872 | D:2      | Found a snail-covered altar of Cheibriados.
   999 | D:2      | Found Reomiwkurai's Distillery.
  1004 | D:2      | 1004 ||| SHOPLISTING 2 potions of enlightenment (140 gold,
                  | have 76).
  1004 | D:2      | 1004 ||| SHOPLISTING potion of cancellation (112 gold, have
                  | 76).
  1004 | D:2      | 1004 ||| BUYING potion of heal wounds (70 gold).
  1004 | D:2      | Bought a potion of heal wounds for 70 gold pieces
  1004 | D:2      | 1004 ||| SHOPLISTING potion of might (56 gold, have 6).
  1004 | D:2      | 1004 ||| SHOPLISTING potion of mutation (112 gold, have 6).
  1057 | D:2      | Found a faded altar of an unknown god.
  1063 | D:2      | Reached skill level 3 in Fighting
  1063 | D:2      | Reached XP level 4. HP: 28/28 MP: 4/4
  1278 | D:2      | 1278 ||| UPGRADING to +1 pair of boots of flying.
  1283 | D:2      | 1283 ||| UPGRADING to +0 ring mail.
  1293 | D:2      | 1293 ||| DROPPING +0 leather armour.
  1294 | D:2      | 1294 ||| UPGRADING to ring of willpower.
  1295 | D:2      | 1295 ||| READING scroll labelled ZIHE FUGAOZIBA.
  1296 | D:2      | 1296 ||| DRINKING 2 fuming black potions.
  1370 | D:3      | Identified the +7 whip "Orb Guardian's Peril" {flame, rF+}
  1381 | D:3      | Reached skill level 1 in Armour
  1696 | D:3      | 1696 ||| READING scroll of enchant armour.
  1696 | D:3      | 1696 ||| ENCHANTING +1 pair of gloves.
  1777 | D:3      | Found Ynyviyng's General Store.
  1785 | D:3      | 1785 ||| SHOPLISTING +2 ring mail of cold resistance (231
                  | gold, have 44).
  1785 | D:3      | 1785 ||| BUYING scroll of teleportation (33 gold).
  1785 | D:3      | Bought a scroll of teleportation for 33 gold pieces
  1830 | D:3      | Reached XP level 5. HP: 32/32 MP: 5/5
  1839 | D:3      | 1839 ||| FLEEEEING.
  2189 | D:3      | 2189 ||| UPGRADING to ring of willpower.
  2190 | D:3      | 2190 ||| READING scroll labelled AFEDESEJUST.
  2191 | D:3      | 2191 ||| READING scroll labelled EMPOPR APUERIR.
  2192 | D:3      | 2192 ||| READING 3 scrolls labelled VUOKEX PITIAR.
  2192 | D:3      | 2192 ||| ENCHANTING +0 shortbow.
  2193 | D:3      | 2193 ||| READING 2 scrolls of enchant weapon.
  2193 | D:3      | 2193 ||| ENCHANTING +1 shortbow.
  2194 | D:3      | 2194 ||| READING scroll of enchant weapon.
  2194 | D:3      | 2194 ||| ENCHANTING +2 shortbow.
  2212 | D:4      | 2212 ||| RETREEEEATING.
  2218 | D:4      | Reached skill level 6 in Ranged Weapons
  2223 | D:4      | Reached XP level 6. HP: 27/38 MP: 6/6
  2226 | D:4      | HP: 5/38 [orc priest/divine providence (12)]
  2227 | D:4      | 2227 ||| READING scroll of teleportation.
  2228 | D:4      | 2228 ||| DRINKING potion of heal wounds.
  2604 | D:4      | Noticed a black bear
  2621 | D:4      | Killed a black bear
  2622 | D:4      | 2622 ||| FLEEEEING.
  2723 | D:4      | Reached skill level 7 in Ranged Weapons
  2893 | D:4      | Reached XP level 7. HP: 43/43 MP: 7/7
  2913 | D:4      | 2913 ||| FLEEEEING.
  3293 | D:4      | 3293 ||| UPGRADING to +0 helmet.
  3298 | D:4      | 3298 ||| DROPPING ring of flight.
  3299 | D:4      | 3299 ||| READING scroll labelled SUEZUO DOAHE.
  3325 | D:5      | Entered Level 5 of the Dungeon
  3387 | D:5      | Noticed a wyvern
  3410 | D:5      | Killed a wyvern
  3411 | D:5      | Reached skill level 8 in Ranged Weapons
  3411 | D:5      | 3411 ||| FLEEEEING.
  3659 | D:5      | 3659 ||| RETREEEEATING.
  3661 | D:5      | 3661 ||| RETREEEEATING.
  3666 | D:5      | Reached XP level 8. HP: 39/48 MP: 8/8
  3703 | D:5      | 3703 ||| FLEEEEING.
  3849 | D:5      | Reached skill level 9 in Ranged Weapons
  3865 | D:5      | Reached skill level 3 in Armour
  3935 | D:5      | 3935 ||| FLEEEEING.
  3936 | D:5      | 3936 ||| FLEEEEING.
  3937 | D:5      | 3937 ||| FLEEEEING.
  3940 | D:5      | 3940 ||| STAIRDANCE
  4051 | D:4      | 4051 ||| UPGRADING to +6 ring of dexterity.
  4053 | D:4      | 4053 ||| DROPPING ring of willpower.
  4054 | D:4      | 4054 ||| DRINKING 2 fizzy purple potions.
  4055 | D:4      | 4055 ||| DROPPING potion of degeneration.
  4110 | D:5      | Noticed a wyvern
  4113 | D:5      | Killed a wyvern
  4114 | D:5      | Reached skill level 6 in Fighting
  4164 | D:5      | Found a staircase to the Ecumenical Temple.
  4165 | D:5      | 4165 ||| PLANNING TEMPLE
  4167 | D:5      | 4167 ||| READING scroll labelled ZAEN PALOWESHROQAG.
  4170 | D:5      | 4170 ||| FLEEEEING.
  4203 | Temple   | Entered the Ecumenical Temple
  4204 | Temple   | 4204 ||| PLANNING OKAWARU WORSHIP
  4211 | Temple   | Became a worshipper of Warmaster Okawaru
  4212 | Temple   | 4212 ||| PLANNING D:1-11
  4443 | D:6      | Found a transporter.
  4447 | D:6      | Noticed qw's ghost (novice GrHu)
  4449 | D:6      | Identified the +4 dire flail of Kischul {spect, +Blink rC+
                  | Dex-3}
  4454 | D:6      | Found a transporter.
  4510 | D:6      | Noticed Maggie
  4511 | D:6      | 4511 ||| ZAPPING wand of mindburst (18) at 3,-6 (Maggie;
                  | floor).
  4512 | D:6      | 4512 ||| ZAPPING wand of mindburst (17) at 2,-5 (Maggie;
                  | floor).
  4513 | D:6      | 4513 ||| ZAPPING wand of mindburst (16) at 2,-4 (Maggie;
                  | floor).
  4526 | D:6      | Reached XP level 9. HP: 31/56 MP: 9/9
  4527 | D:6      | Killed Maggie
  4528 | D:6      | Reached skill level 3 in Dodging
  4687 | D:6      | Reached skill level 10 in Ranged Weapons
  4695 | D:6      | Reached * piety under Okawaru
  4795 | D:6      | Reached skill level 1 in Invocations
  4869 | D:6      | 4869 ||| FLEEEEING.
  4983 | D:6      | Noticed a two-headed ogre
  4984 | D:6      | 4984 ||| INVOKING Heroism.
  4992 | D:6      | Killed a two-headed ogre
  4992 | D:6      | Reached ** piety under Okawaru
  5007 | D:6      | 5007 ||| FLEEEEING.
  5028 | D:6      | 5028 ||| UPGRADING to +0 steam dragon scales.
  5046 | D:6      | 5046 ||| FLEEEEING.
  5065 | D:6      | 5065 ||| DROPPING +0 ring mail.
  5066 | D:6      | 5066 ||| READING 3 scrolls labelled FIZXEZE FOERAV.
  5066 | D:6      | 5066 ||| IDENTIFYING coppery potion
  5067 | D:6      | 5067 ||| READING 2 scrolls of identify.
  5067 | D:6      | 5067 ||| IDENTIFYING glowing yellow potion
  5068 | D:6      | 5068 ||| READING scroll of identify.
  5068 | D:6      | 5068 ||| IDENTIFYING bubbling ruby potion
  5069 | D:6      | 5069 ||| DROPPING potion of berserk rage.
  5070 | D:6      | 5070 ||| DROPPING wand of flame (31).
  5223 | D:7      | 5223 ||| STAIRDANCE
  5231 | D:6      | Reached XP level 10. HP: 58/63 MP: 13/13
  5249 | D:7      | 5249 ||| STAIRDANCE
  5257 | D:6      | Reached skill level 11 in Ranged Weapons
  5259 | D:7      | 5259 ||| STAIRDANCE
  5276 | D:7      | 5276 ||| STAIRDANCE
  5292 | D:7      | 5292 ||| STAIRDANCE
  5294 | D:6      | 5294 ||| FLEEEEING.
  5302 | D:6      | 5302 ||| STAIRDANCE
  5503 | D:7      | Noticed a two-headed ogre
  5504 | D:7      | 5504 ||| RETREEEEATING.
  5505 | D:7      | 5505 ||| RETREEEEATING.
  5510 | D:7      | 5510 ||| RETREEEEATING.
  5514 | D:7      | 5514 ||| RETREEEEATING.
  5517 | D:7      | 5517 ||| FLEEEEING.
  5520 | D:7      | 5520 ||| FLEEEEING.
  5521 | D:7      | 5521 ||| FLEEEEING.
  5684 | D:7      | Reached *** piety under Okawaru
  5685 | D:7      | 5685 ||| FLEEEEING.
  5740 | D:7      | 5740 ||| READING scroll labelled USUANN TASADE.
  5741 | D:7      | 5741 ||| READING 2 scrolls labelled BAIZ ARGHUREY.
  5742 | D:7      | 5742 ||| DROPPING scroll of blinking.
  5747 | D:7      | 5747 ||| FLEEEEING.
  5885 | D:7      | 5885 ||| SWAPPING to +0 orcbow.
  5886 | D:7      | 5886 ||| DROPPING +3 shortbow.
  5902 | D:7      | Noticed a kobold demonologist
  5902 | D:7      | Noticed a manticore
  5905 | D:7      | 5905 ||| RETREEEEATING.
  5906 | D:7      | 5906 ||| RETREEEEATING.
  5915 | D:7      | 5915 ||| INVOKING Heroism.
  5930 | D:7      | Killed a kobold demonologist
  5931 | D:7      | Reached skill level 12 in Ranged Weapons
  5931 | D:7      | Killed a manticore
  5931 | D:7      | Reached **** piety under Okawaru
  6034 | D:7      | Identified the +10 falchion "Goblinbane" {heavy, +Blink
                  | Will++ Stlth-}
  6116 | D:7      | 6116 ||| INVOKING Finesse.
  6150 | D:7      | 6150 ||| FLEEEEING.
  6349 | D:8      | 6349 ||| RETREEEEATING.
  6350 | D:8      | 6350 ||| RETREEEEATING.
  6389 | D:8      | 6389 ||| FLEEEEING.
  6390 | D:8      | 6390 ||| FLEEEEING.
  6391 | D:8      | 6391 ||| FLEEEEING.
  6392 | D:8      | 6392 ||| FLEEEEING.
  6393 | D:8      | 6393 ||| FLEEEEING.
  6394 | D:8      | 6394 ||| FLEEEEING.
  6395 | D:8      | 6395 ||| FLEEEEING.
  6396 | D:8      | 6396 ||| FLEEEEING.
  6397 | D:8      | 6397 ||| FLEEEEING.
  6398 | D:8      | 6398 ||| FLEEEEING.
  6399 | D:8      | 6399 ||| FLEEEEING.
  6400 | D:8      | 6400 ||| FLEEEEING.
  6401 | D:8      | 6401 ||| FLEEEEING.
  6402 | D:8      | 6402 ||| FLEEEEING.
  6403 | D:8      | 6403 ||| FLEEEEING.
  6404 | D:8      | 6404 ||| FLEEEEING.
  6405 | D:8      | 6405 ||| FLEEEEING.
  6406 | D:8      | 6406 ||| FLEEEEING.
  6407 | D:8      | 6407 ||| FLEEEEING.
  6408 | D:8      | 6408 ||| FLEEEEING.
  6409 | D:8      | 6409 ||| FLEEEEING.
  6410 | D:8      | 6410 ||| FLEEEEING.
  6411 | D:8      | 6411 ||| FLEEEEING.
  6412 | D:8      | 6412 ||| FLEEEEING.
  6413 | D:8      | 6413 ||| FLEEEEING.
  6414 | D:8      | 6414 ||| FLEEEEING.
  6415 | D:8      | 6415 ||| FLEEEEING.
  6416 | D:8      | 6416 ||| FLEEEEING.
  6417 | D:8      | 6417 ||| FLEEEEING.
  6418 | D:8      | 6418 ||| FLEEEEING.
  6419 | D:8      | 6419 ||| FLEEEEING.
  6420 | D:8      | 6420 ||| FLEEEEING.
  6421 | D:8      | 6421 ||| FLEEEEING.
  6422 | D:8      | 6422 ||| FLEEEEING.
  6423 | D:8      | 6423 ||| FLEEEEING.
  6424 | D:8      | 6424 ||| FLEEEEING.
  6425 | D:8      | 6425 ||| FLEEEEING.
  6426 | D:8      | 6426 ||| FLEEEEING.
  6427 | D:8      | 6427 ||| FLEEEEING.
  6428 | D:8      | 6428 ||| FLEEEEING.
  6429 | D:8      | 6429 ||| FLEEEEING.
  6430 | D:8      | 6430 ||| FLEEEEING.
  6431 | D:8      | 6431 ||| FLEEEEING.
  6432 | D:8      | 6432 ||| FLEEEEING.
  6433 | D:8      | 6433 ||| FLEEEEING.
  6434 | D:8      | 6434 ||| STAIRDANCE
  6520 | D:7      | 6520 ||| READING scroll of identify.
  6520 | D:7      | 6520 ||| IDENTIFYING glowing inky potion
  6521 | D:7      | 6521 ||| DROPPING potion of attraction.
  6569 | D:8      | Identified the +11 war axe of Qiamo {freeze, rC++ rN+
                  | Dex+3}
  6579 | D:8      | 6579 ||| FLEEEEING.
  6587 | D:8      | Reached XP level 11. HP: 66/68 MP: 14/14
  6614 | D:8      | 6614 ||| RETREEEEATING.
  7058 | D:8      | 7058 ||| UPGRADING to ring of protection from fire.
  7060 | D:8      | 7060 ||| READING scroll labelled AMNUSH ROERGH.
  7060 | D:8      | Identified a scroll of acquirement
  7060 | D:8      | 7060 ||| ACQUIRING +2 helmet of the Kraken {rC+ Int+3
                  | Slay+3}
  7060 | D:8      | Acquired the +2 helmet of the Kraken {rC+ Int+3 Slay+3}
  7062 | D:8      | 7062 ||| UPGRADING to +2 helmet of the Kraken {rC+ Int+3
                  | Slay+3}.
  7072 | D:8      | 7072 ||| DROPPING +0 helmet.
  7088 | D:9      | Found a stormy altar of Qazlal.
  7090 | D:9      | Found a sparkling altar of Nemelex Xobeh.
  7100 | D:9      | Found a broken altar of Ashenzari.
  7167 | D:9      | 7167 ||| FLEEEEING.
  7168 | D:9      | 7168 ||| FLEEEEING.
  7169 | D:9      | 7169 ||| FLEEEEING.
  7170 | D:9      | 7170 ||| FLEEEEING.
  7171 | D:9      | 7171 ||| FLEEEEING.
  7172 | D:9      | 7172 ||| FLEEEEING.
  7173 | D:9      | 7173 ||| FLEEEEING.
  7182 | D:9      | 7182 ||| DRINKING 6 potions of curing.
  7182 | D:9      | 7182 ||| (to cure confusion)
  7275 | D:9      | Reached skill level 6 in Invocations
  7402 | D:9      | Found a staircase to the Orcish Mines.
  7408 | D:9      | 7408 ||| DRINKING 6 potions of curing.
  7408 | D:9      | 7408 ||| (to cure confusion)
  7479 | D:9      | Found Situerr's Book Shoppe.
  7677 | D:9      | Found a flagged portal.
  7869 | D:10     | Entered Level 10 of the Dungeon
  7881 | D:10     | 7881 ||| STAIRDANCE
  7968 | D:10     | 7968 ||| RETREEEEATING.
  7987 | D:10     | 7987 ||| RETREEEEATING.
  7988 | D:10     | 7988 ||| FLEEEEING.
  7992 | D:10     | 7992 ||| RETREEEEATING.
  7993 | D:10     | 7993 ||| RETREEEEATING.
  7994 | D:10     | 7994 ||| RETREEEEATING.
  7995 | D:10     | 7995 ||| RETREEEEATING.
  7999 | D:10     | Reached skill level 13 in Ranged Weapons
  8000 | D:10     | 8000 ||| RETREEEEATING.
  8001 | D:10     | 8001 ||| RETREEEEATING.
  8002 | D:10     | 8002 ||| RETREEEEATING.
  8003 | D:10     | 8003 ||| RETREEEEATING.
  8004 | D:10     | 8004 ||| RETREEEEATING.
  8006 | D:10     | 8006 ||| INVOKING Finesse.
  8134 | D:10     | Reached ***** piety under Okawaru
  8181 | D:10     | Found a staircase to the Lair.
  8219 | D:10     | Reached skill level 9 in Fighting
  8237 | D:10     | Found the +15 Maxwell's patent armour {-Cast -Tele rElec
                  | Will+ rCorr}
  8277 | D:10     | Identified the maw talisman of the Fig {Will- Str+6 Slay+3}
  8287 | D:10     | 8287 ||| Stepping randomly (disturbance).
  8288 | D:10     | 8288 ||| Stepping randomly (disturbance).
  8289 | D:10     | 8289 ||| Stepping randomly (disturbance).
  8456 | D:10     | 8456 ||| FLEEEEING.
  8546 | D:10     | Noticed a two-headed ogre
  8547 | D:10     | 8547 ||| INVOKING Finesse.
  8554 | D:10     | Killed a two-headed ogre
  8634 | D:10     | 8634 ||| PLANNING LAIR
  8634 | D:10     | 8634 ||| UPGRADING to amulet of regeneration.
  8639 | D:10     | 8639 ||| READING scroll of identify.
  8639 | D:10     | 8639 ||| IDENTIFYING murky red potion
  8640 | D:10     | 8640 ||| READING scroll labelled YSMUSHR HEPS.
  8647 | Lair:1   | Entered Level 1 of the Lair of Beasts
  8674 | Lair:1   | 8674 ||| RETREEEEATING.
  8675 | Lair:1   | 8675 ||| RETREEEEATING.
  8676 | Lair:1   | 8676 ||| RETREEEEATING.
  8677 | Lair:1   | 8677 ||| RETREEEEATING.
  8678 | Lair:1   | 8678 ||| RETREEEEATING.
  8679 | Lair:1   | 8679 ||| RETREEEEATING.
  8683 | Lair:1   | 8683 ||| INVOKING Finesse.
  8692 | Lair:1   | Received a gift from Okawaru
  8706 | Lair:1   | Reached skill level 9 in Invocations
  8711 | Lair:1   | Reached XP level 12. HP: 75/76 MP: 13/18
  8917 | Lair:1   | 8917 ||| FLEEEEING.
  8992 | Lair:1   | Reached skill level 14 in Ranged Weapons
  9000 | Lair:1   | 9000 ||| RETREEEEATING.
  9001 | Lair:1   | 9001 ||| RETREEEEATING.
  9002 | Lair:1   | 9002 ||| RETREEEEATING.
  9003 | Lair:1   | 9003 ||| RETREEEEATING.
  9004 | Lair:1   | 9004 ||| RETREEEEATING.
  9005 | Lair:1   | 9005 ||| RETREEEEATING.
  9006 | Lair:1   | 9006 ||| RETREEEEATING.
  9007 | Lair:1   | 9007 ||| RETREEEEATING.
  9008 | Lair:1   | 9008 ||| RETREEEEATING.
  9009 | Lair:1   | 9009 ||| RETREEEEATING.
  9010 | Lair:1   | 9010 ||| RETREEEEATING.
  9011 | Lair:1   | 9011 ||| RETREEEEATING.
  9012 | Lair:1   | 9012 ||| RETREEEEATING.
  9013 | Lair:1   | 9013 ||| RETREEEEATING.
  9014 | Lair:1   | 9014 ||| INVOKING Finesse.
  9045 | Lair:1   | Received a gift from Okawaru
  9070 | Lair:1   | Reached skill level 6 in Dodging
  9082 | Lair:1   | 9082 ||| DRINKING 2 fuming emerald potions.
  9111 | Lair:1   | 9111 ||| RETREEEEATING.
  9112 | Lair:1   | 9112 ||| RETREEEEATING.
  9113 | Lair:1   | 9113 ||| RETREEEEATING.
  9114 | Lair:1   | 9114 ||| RETREEEEATING.
  9115 | Lair:1   | 9115 ||| RETREEEEATING.
  9116 | Lair:1   | 9116 ||| RETREEEEATING.
  9117 | Lair:1   | 9117 ||| RETREEEEATING.
  9118 | Lair:1   | 9118 ||| RETREEEEATING.
  9119 | Lair:1   | 9119 ||| RETREEEEATING.
  9120 | Lair:1   | 9120 ||| RETREEEEATING.
  9121 | Lair:1   | 9121 ||| RETREEEEATING.
  9122 | Lair:1   | 9122 ||| RETREEEEATING.
  9123 | Lair:1   | 9123 ||| RETREEEEATING.
  9124 | Lair:1   | 9124 ||| RETREEEEATING.
  9125 | Lair:1   | 9125 ||| RETREEEEATING.
  9126 | Lair:1   | 9126 ||| RETREEEEATING.
  9127 | Lair:1   | 9127 ||| RETREEEEATING.
  9128 | Lair:1   | 9128 ||| RETREEEEATING.
  9129 | Lair:1   | 9129 ||| RETREEEEATING.
  9130 | Lair:1   | 9130 ||| RETREEEEATING.
  9131 | Lair:1   | 9131 ||| RETREEEEATING.
  9132 | Lair:1   | 9132 ||| RETREEEEATING.
  9133 | Lair:1   | 9133 ||| RETREEEEATING.
  9134 | Lair:1   | 9134 ||| RETREEEEATING.
  9135 | Lair:1   | 9135 ||| RETREEEEATING.
  9136 | Lair:1   | 9136 ||| RETREEEEATING.
  9137 | Lair:1   | 9137 ||| RETREEEEATING.
  9138 | Lair:1   | 9138 ||| RETREEEEATING.
  9139 | Lair:1   | 9139 ||| RETREEEEATING.
  9140 | Lair:1   | 9140 ||| RETREEEEATING.
  9141 | Lair:1   | 9141 ||| RETREEEEATING.
  9142 | Lair:1   | 9142 ||| RETREEEEATING.
  9143 | Lair:1   | 9143 ||| RETREEEEATING.
  9144 | Lair:1   | 9144 ||| RETREEEEATING.
  9145 | Lair:1   | 9145 ||| RETREEEEATING.
  9153 | Lair:1   | HP: 18/76 [bullfrog (2)]
  9154 | Lair:1   | 9154 ||| READING 5 scrolls of teleportation.
  9155 | Lair:1   | 9155 ||| DRINKING 5 potions of heal wounds.
  9161 | Lair:1   | 9161 ||| RETREEEEATING.
  9162 | Lair:1   | 9162 ||| RETREEEEATING.
  9163 | Lair:1   | 9163 ||| RETREEEEATING.
  9164 | Lair:1   | 9164 ||| RETREEEEATING.
  9164 | Lair:1   | HP: 16/76 [hornet (4)]
  9165 | Lair:1   | 9165 ||| READING 4 scrolls of teleportation.
  9166 | Lair:1   | 9166 ||| DRINKING 4 potions of heal wounds.
  9167 | Lair:1   | 9167 ||| RETREEEEATING.
  9168 | Lair:1   | 9168 ||| RETREEEEATING.
  9170 | Lair:1   | 9170 ||| RETREEEEATING.
  9171 | Lair:1   | 9171 ||| RETREEEEATING.
  9172 | Lair:1   | 9172 ||| RETREEEEATING.
  9173 | Lair:1   | 9173 ||| RETREEEEATING.
  9174 | Lair:1   | 9174 ||| RETREEEEATING.
  9175 | Lair:1   | 9175 ||| RETREEEEATING.
  9176 | Lair:1   | 9176 ||| RETREEEEATING.
  9177 | Lair:1   | 9177 ||| RETREEEEATING.
  9178 | Lair:1   | 9178 ||| RETREEEEATING.
  9179 | Lair:1   | 9179 ||| RETREEEEATING.
  9180 | Lair:1   | 9180 ||| RETREEEEATING.
  9201 | Lair:1   | 9201 ||| FLEEEEING.
  9346 | Lair:1   | Found a transporter.
  9348 | Lair:1   | Found a transporter.
  9349 | Lair:1   | Noticed qw's ghost (novice GrHu)
  9638 | Lair:1   | 9638 ||| UPGRADING to ring of see invisible.
  9640 | Lair:1   | 9640 ||| DROPPING potion of brilliance.
  9641 | Lair:1   | 9641 ||| DROPPING potion of ambrosia.
  9663 | Lair:2   | 9663 ||| STAIRDANCE
  9675 | Lair:2   | 9675 ||| STAIRDANCE
  9747 | Lair:2   | 9747 ||| RETREEEEATING.
  9748 | Lair:2   | 9748 ||| RETREEEEATING.
  9750 | Lair:2   | 9750 ||| RETREEEEATING.
  9756 | Lair:2   | 9756 ||| RETREEEEATING.
  9757 | Lair:2   | 9757 ||| RETREEEEATING.
  9758 | Lair:2   | 9758 ||| RETREEEEATING.
  9759 | Lair:2   | 9759 ||| RETREEEEATING.
  9760 | Lair:2   | 9760 ||| RETREEEEATING.
  9761 | Lair:2   | 9761 ||| RETREEEEATING.
  9762 | Lair:2   | 9762 ||| RETREEEEATING.
  9767 | Lair:2   | 9767 ||| RETREEEEATING.
  9768 | Lair:2   | 9768 ||| RETREEEEATING.
  9769 | Lair:2   | 9769 ||| RETREEEEATING.
  9770 | Lair:2   | 9770 ||| RETREEEEATING.
  9771 | Lair:2   | 9771 ||| RETREEEEATING.
  9772 | Lair:2   | 9772 ||| RETREEEEATING.
  9773 | Lair:2   | 9773 ||| RETREEEEATING.
  9774 | Lair:2   | 9774 ||| RETREEEEATING.
  9775 | Lair:2   | 9775 ||| RETREEEEATING.
  9783 | Lair:2   | 9783 ||| RETREEEEATING.
  9806 | Lair:2   | 9806 ||| FLEEEEING.
  9838 | Lair:2   | Received a gift from Okawaru
 10138 | Lair:2   | Found a staircase to the Shoals.
 10147 | Lair:2   | Reached skill level 15 in Ranged Weapons
 10260 | Lair:2   | Noticed a boulder beetle
 10261 | Lair:2   | 10261 ||| INVOKING Finesse.
 10283 | Lair:2   | Killed a boulder beetle
 10557 | Lair:3   | 10557 ||| RETREEEEATING.
 10558 | Lair:3   | 10558 ||| INVOKING Finesse.
 10572 | Lair:3   | Received a gift from Okawaru
 10573 | Lair:3   | Reached XP level 13. HP: 82/82 MP: 15/20
 10723 | Lair:3   | 10723 ||| INVOKING Finesse.
 10724 | Lair:3   | 10724 ||| INVOKING Heroism.
 10733 | Lair:3   | Reached skill level 16 in Ranged Weapons
 10822 | Lair:3   | 10822 ||| RETREEEEATING.
 10841 | Lair:3   | 10841 ||| RETREEEEATING.
 11074 | Lair:3   | Found a staircase to the Snake Pit.
 11159 | Lair:3   | 11159 ||| RETREEEEATING.
 11162 | Lair:3   | 11162 ||| RETREEEEATING.
 11164 | Lair:3   | 11164 ||| RETREEEEATING.
 11177 | Lair:3   | 11177 ||| RETREEEEATING.
 11178 | Lair:3   | 11178 ||| RETREEEEATING.
 11179 | Lair:3   | 11179 ||| RETREEEEATING.
 11180 | Lair:3   | 11180 ||| RETREEEEATING.
 11181 | Lair:3   | 11181 ||| RETREEEEATING.
 11182 | Lair:3   | 11182 ||| RETREEEEATING.
 11183 | Lair:3   | 11183 ||| RETREEEEATING.
 11184 | Lair:3   | 11184 ||| RETREEEEATING.
 11185 | Lair:3   | 11185 ||| RETREEEEATING.
 11186 | Lair:3   | 11186 ||| RETREEEEATING.
 11187 | Lair:3   | 11187 ||| RETREEEEATING.
 11188 | Lair:3   | 11188 ||| RETREEEEATING.
 11189 | Lair:3   | 11189 ||| RETREEEEATING.
 11190 | Lair:3   | 11190 ||| RETREEEEATING.
 11191 | Lair:3   | 11191 ||| RETREEEEATING.
 11192 | Lair:3   | 11192 ||| RETREEEEATING.
 11193 | Lair:3   | 11193 ||| RETREEEEATING.
 11194 | Lair:3   | 11194 ||| RETREEEEATING.
 11195 | Lair:3   | 11195 ||| RETREEEEATING.
 11196 | Lair:3   | 11196 ||| RETREEEEATING.
 11197 | Lair:3   | 11197 ||| RETREEEEATING.
 11198 | Lair:3   | 11198 ||| RETREEEEATING.
 11199 | Lair:3   | 11199 ||| RETREEEEATING.
 11200 | Lair:3   | 11200 ||| RETREEEEATING.
 11201 | Lair:3   | 11201 ||| RETREEEEATING.
 11202 | Lair:3   | 11202 ||| RETREEEEATING.
 11203 | Lair:3   | 11203 ||| RETREEEEATING.
 11284 | Lair:3   | 11284 ||| RETREEEEATING.
 11287 | Lair:3   | 11287 ||| RETREEEEATING.
 11338 | Lair:3   | 11338 ||| INVOKING Finesse.
 11400 | Lair:3   | 11400 ||| RETREEEEATING.
 11401 | Lair:3   | 11401 ||| RETREEEEATING.
 11402 | Lair:3   | 11402 ||| RETREEEEATING.
 11403 | Lair:3   | 11403 ||| RETREEEEATING.
 11404 | Lair:3   | 11404 ||| RETREEEEATING.
 11405 | Lair:3   | 11405 ||| RETREEEEATING.
 11406 | Lair:3   | 11406 ||| RETREEEEATING.
 11407 | Lair:3   | 11407 ||| RETREEEEATING.
 11408 | Lair:3   | 11408 ||| RETREEEEATING.
 11410 | Lair:3   | 11410 ||| RETREEEEATING.
 11727 | Lair:3   | 11727 ||| RETREEEEATING.
 11737 | Lair:3   | Received a gift from Okawaru
 11760 | Lair:3   | Reached skill level 6 in Armour
 11786 | Lair:3   | 11786 ||| READING 2 scrolls of identify.
 11786 | Lair:3   | 11786 ||| IDENTIFYING lumpy orange potion
 11787 | Lair:3   | 11787 ||| READING scroll of identify.
 11787 | Lair:3   | 11787 ||| IDENTIFYING scroll labelled RUGESA LISASU
 11788 | Lair:3   | 11788 ||| DROPPING scroll of silence.
 11820 | Lair:4   | 11820 ||| RETREEEEATING.
 11824 | Lair:4   | 11824 ||| STAIRDANCE
 11834 | Lair:4   | 11834 ||| STAIRDANCE
 11862 | Lair:3   | 11862 ||| FLEEEEING.
 11879 | Lair:4   | 11879 ||| STAIRDANCE
 11929 | Lair:4   | 11929 ||| STAIRDANCE
 11939 | Lair:3   | 11939 ||| FLEEEEING.
 11962 | Lair:4   | 11962 ||| STAIRDANCE
 11973 | Lair:3   | Reached skill level 12 in Fighting
 12020 | Lair:4   | 12020 ||| STAIRDANCE
 12022 | Lair:3   | 12022 ||| FLEEEEING.
 12344 | Lair:4   | Identified the +2 pair of boots "Hiysaoth" {rCorr}
 12407 | Lair:4   | 12407 ||| FLEEEEING.
 12459 | Lair:4   | 12459 ||| RETREEEEATING.
 12460 | Lair:4   | 12460 ||| RETREEEEATING.
 12461 | Lair:4   | 12461 ||| RETREEEEATING.
 12462 | Lair:4   | 12462 ||| RETREEEEATING.
 12463 | Lair:4   | 12463 ||| RETREEEEATING.
 12464 | Lair:4   | 12464 ||| RETREEEEATING.
 12465 | Lair:4   | 12465 ||| RETREEEEATING.
 12466 | Lair:4   | 12466 ||| RETREEEEATING.
 12467 | Lair:4   | 12467 ||| RETREEEEATING.
 12468 | Lair:4   | 12468 ||| RETREEEEATING.
 12469 | Lair:4   | 12469 ||| RETREEEEATING.
 12470 | Lair:4   | 12470 ||| RETREEEEATING.
 12471 | Lair:4   | 12471 ||| RETREEEEATING.
 12472 | Lair:4   | 12472 ||| RETREEEEATING.
 12473 | Lair:4   | 12473 ||| RETREEEEATING.
 12474 | Lair:4   | 12474 ||| RETREEEEATING.
 12475 | Lair:4   | 12475 ||| RETREEEEATING.
 12476 | Lair:4   | 12476 ||| RETREEEEATING.
 12477 | Lair:4   | 12477 ||| RETREEEEATING.
 12478 | Lair:4   | 12478 ||| RETREEEEATING.
 12479 | Lair:4   | 12479 ||| RETREEEEATING.
 12480 | Lair:4   | 12480 ||| RETREEEEATING.
 12481 | Lair:4   | 12481 ||| RETREEEEATING.
 12569 | Lair:4   | 12569 ||| FLEEEEING.
 12704 | Lair:4   | 12704 ||| SWAPPING to +0 arbalest.
 12705 | Lair:4   | 12705 ||| DROPPING +0 orcbow.
 12923 | Lair:4   | 12923 ||| RETREEEEATING.
 12924 | Lair:4   | 12924 ||| RETREEEEATING.
 12925 | Lair:4   | 12925 ||| RETREEEEATING.
 12926 | Lair:4   | 12926 ||| RETREEEEATING.
 12927 | Lair:4   | 12927 ||| RETREEEEATING.
 12928 | Lair:4   | 12928 ||| RETREEEEATING.
 12939 | Lair:4   | 12939 ||| RETREEEEATING.
 12940 | Lair:4   | 12940 ||| RETREEEEATING.
 12941 | Lair:4   | 12941 ||| RETREEEEATING.
 12942 | Lair:4   | 12942 ||| RETREEEEATING.
 12946 | Lair:4   | HP: 15/86 [blink frog[an orange crystal statue] (9)]
 12947 | Lair:4   | 12947 ||| READING 3 scrolls of teleportation.
 12948 | Lair:4   | 12948 ||| DRINKING 3 potions of heal wounds.
 12974 | Lair:4   | 12974 ||| FLEEEEING.
 13043 | Lair:4   | Identified the +4 scale mail of Satisfaction {rPois}
 13117 | Lair:4   | 13117 ||| DROPPING +1 pair of boots of stealth.
 13118 | Lair:4   | 13118 ||| DROPPING scarf of invisibility.
 13119 | Lair:4   | 13119 ||| READING scroll of identify.
 13119 | Lair:4   | 13119 ||| IDENTIFYING murky coppery potion
 13120 | Lair:4   | 13120 ||| READING scroll labelled LEONUSICAPN.
 13121 | Lair:4   | 13121 ||| FLEEEEING.
 13136 | Lair:4   | 13136 ||| DROPPING potion of lignification.
 13161 | Lair:5   | Entered Level 5 of the Lair of Beasts
 13163 | Lair:5   | 13163 ||| STAIRDANCE
 13166 | Lair:4   | Received a gift from Okawaru
 13177 | Lair:5   | 13177 ||| STAIRDANCE
 13193 | Lair:5   | Reached ****** piety under Okawaru
 13194 | Lair:5   | Gained mutation: Your large and strong wings let you fly.
                  | [Gargoyle growth]
 13194 | Lair:5   | Reached XP level 14. HP: 92/92 MP: 21/21
 13194 | Lair:5   | 13194 ||| INVOKING Receive Weapon.
 13194 | Lair:5   | 13194 ||| ACQUIRING +10 longbow "Imekh" {antimagic, Str+3}
 13194 | Lair:5   | Acquired the +10 longbow "Imekh" {antimagic, Str+3}
 13194 | Lair:5   | Received a gift from Okawaru
 13195 | Lair:5   | 13195 ||| INVOKING Receive Armour.
 13195 | Lair:5   | 13195 ||| ACQUIRING scarf of Nonuruikk {repulsion, Regen+
                  | Str+2 Int+2}
 13195 | Lair:5   | Acquired the scarf of Nonuruikk {repulsion, Regen+ Str+2
                  | Int+2}
 13195 | Lair:5   | Received a gift from Okawaru
 13196 | Lair:5   | 13196 ||| UPGRADING to +2 pair of boots "Hiysaoth" {rCorr}.
 13206 | Lair:5   | 13206 ||| DROPPING +1 pair of boots of flying.
 13208 | Lair:5   | 13208 ||| SWAPPING to +10 longbow "Imekh" {antimagic,
                  | Str+3}.
 13209 | Lair:5   | 13209 ||| UPGRADING to scarf of Nonuruikk {repulsion,
                  | Regen+ Str+2 Int+2}.
 13214 | Lair:5   | 13214 ||| DROPPING +0 arbalest.
 13226 | Lair:5   | 13226 ||| RETREEEEATING.
 13228 | Lair:5   | 13228 ||| RETREEEEATING.
 13233 | Lair:5   | 13233 ||| RETREEEEATING.
 13234 | Lair:5   | 13234 ||| RETREEEEATING.
 13235 | Lair:5   | 13235 ||| RETREEEEATING.
 13236 | Lair:5   | 13236 ||| RETREEEEATING.
 13237 | Lair:5   | 13237 ||| RETREEEEATING.
 13238 | Lair:5   | 13238 ||| RETREEEEATING.
 13241 | Lair:5   | 13241 ||| INVOKING Finesse.
 13284 | Lair:5   | 13284 ||| FLEEEEING.
 13356 | Lair:5   | Reached skill level 17 in Ranged Weapons
 13361 | Lair:5   | 13361 ||| RETREEEEATING.
 13362 | Lair:5   | 13362 ||| RETREEEEATING.
 13365 | Lair:5   | 13365 ||| RETREEEEATING.
 13371 | Lair:5   | 13371 ||| INVOKING Finesse.
 13372 | Lair:5   | 13372 ||| INVOKING Heroism.
 13440 | Lair:5   | 13440 ||| FLEEEEING.
 13441 | Lair:5   | 13441 ||| FLEEEEING.
 13442 | Lair:5   | 13442 ||| FLEEEEING.
 13443 | Lair:5   | 13443 ||| FLEEEEING.
 13444 | Lair:5   | 13444 ||| FLEEEEING.
 13445 | Lair:5   | 13445 ||| FLEEEEING.
 13532 | Lair:5   | Noticed Urug
 13542 | Lair:5   | Killed Urug
 13542 | Lair:5   | Received a gift from Okawaru
 13578 | Lair:5   | 13578 ||| RETREEEEATING.
 13579 | Lair:5   | 13579 ||| RETREEEEATING.
 13753 | Lair:5   | Found a frozen archway.
 13808 | Lair:5   | 13808 ||| RETREEEEATING.
 13810 | Lair:5   | 13810 ||| RETREEEEATING.
 13826 | Lair:5   | 13826 ||| RETREEEEATING.
 13827 | Lair:5   | 13827 ||| RETREEEEATING.
 13828 | Lair:5   | 13828 ||| RETREEEEATING.
 13830 | Lair:5   | 13830 ||| RETREEEEATING.
 13831 | Lair:5   | 13831 ||| RETREEEEATING.
 13841 | Lair:5   | Reached skill level 18 in Ranged Weapons
 13900 | Lair:5   | 13900 ||| RETREEEEATING.
 13901 | Lair:5   | 13901 ||| RETREEEEATING.
 13902 | Lair:5   | 13902 ||| RETREEEEATING.
 13903 | Lair:5   | 13903 ||| RETREEEEATING.
 13904 | Lair:5   | 13904 ||| RETREEEEATING.
 13906 | Lair:5   | 13906 ||| RETREEEEATING.
 13909 | Lair:5   | 13909 ||| RETREEEEATING.
 13910 | Lair:5   | 13910 ||| RETREEEEATING.
 13911 | Lair:5   | 13911 ||| RETREEEEATING.
 13912 | Lair:5   | 13912 ||| RETREEEEATING.
 13913 | Lair:5   | 13913 ||| RETREEEEATING.
 13914 | Lair:5   | 13914 ||| RETREEEEATING.
 13918 | Lair:5   | 13918 ||| RETREEEEATING.
 13927 | Lair:5   | Received a gift from Okawaru
 14154 | Lair:5   | Noticed a dire elephant
 14156 | Lair:5   | Noticed a dire elephant
 14178 | Lair:5   | 14178 ||| READING scroll of enchant armour.
 14178 | Lair:5   | 14178 ||| ENCHANTING +0 steam dragon scales.
 14195 | Lair:5   | 14195 ||| RETREEEEATING.
 14198 | Lair:5   | 14198 ||| RETREEEEATING.
 14199 | Lair:5   | 14199 ||| RETREEEEATING.
 14200 | Lair:5   | 14200 ||| RETREEEEATING.
 14201 | Lair:5   | 14201 ||| RETREEEEATING.
 14202 | Lair:5   | 14202 ||| RETREEEEATING.
 14203 | Lair:5   | 14203 ||| RETREEEEATING.
 14204 | Lair:5   | 14204 ||| RETREEEEATING.
 14205 | Lair:5   | 14205 ||| RETREEEEATING.
 14206 | Lair:5   | 14206 ||| RETREEEEATING.
 14207 | Lair:5   | 14207 ||| RETREEEEATING.
 14208 | Lair:5   | 14208 ||| RETREEEEATING.
 14209 | Lair:5   | 14209 ||| RETREEEEATING.
 14210 | Lair:5   | 14210 ||| RETREEEEATING.
 14211 | Lair:5   | 14211 ||| RETREEEEATING.
 14212 | Lair:5   | 14212 ||| RETREEEEATING.
 14215 | Lair:5   | 14215 ||| RETREEEEATING.
 14217 | Lair:5   | 14217 ||| RETREEEEATING.
 14286 | Lair:5   | 14286 ||| RETREEEEATING.
 14288 | Lair:5   | 14288 ||| RETREEEEATING.
 14289 | Lair:5   | 14289 ||| RETREEEEATING.
 14313 | Lair:5   | 14313 ||| FLEEEEING.
 14360 | Lair:5   | Noticed a dire elephant
 14361 | Lair:5   | 14361 ||| RETREEEEATING.
 14362 | Lair:5   | 14362 ||| RETREEEEATING.
 14363 | Lair:5   | 14363 ||| ZAPPING wand of acid (14) at 3,-5 (dire elephant;
                  | floor).
 14364 | Lair:5   | 14364 ||| INVOKING Finesse.
 14370 | Lair:5   | Killed a dire elephant
 14460 | Lair:5   | Received a gift from Okawaru
 14468 | Lair:5   | 14468 ||| INVOKING Finesse.
 14476 | Lair:5   | Killed a dire elephant
 14486 | Lair:5   | Killed a dire elephant
 14487 | Lair:5   | Reached skill level 19 in Ranged Weapons
 14487 | Lair:5   | Reached XP level 15. HP: 53/96 MP: 2/22
 14533 | Lair:5   | 14533 ||| FLEEEEING.
 14616 | Lair:5   | 14616 ||| RETREEEEATING.
 14733 | Lair:5   | Found a staircase to the Slime Pits.
 14888 | Lair:5   | 14888 ||| PLANNING D:1-11
 15011 | D:11     | Found Kirghox's Magic Scroll Emporium.
 15015 | D:11     | 15015 ||| BUYING scroll of brand weapon (133 gold).
 15015 | D:11     | Bought a scroll of brand weapon for 133 gold pieces
 15015 | D:11     | 15015 ||| BUYING scroll of identify (28 gold).
 15015 | D:11     | Bought a scroll of identify for 28 gold pieces
 15015 | D:11     | 15015 ||| BUYING scroll of teleportation (42 gold).
 15015 | D:11     | Bought a scroll of teleportation for 42 gold pieces
 15250 | D:11     | 15250 ||| READING scroll of enchant armour.
 15250 | D:11     | 15250 ||| ENCHANTING +1 steam dragon scales.
 15252 | D:11     | Identified the ring of Sagumuma {^Contam Fly rCorr Str+6
                  | Int+5}
 15283 | D:11     | Found Rumar's Jewellery Boutique.
 15289 | D:11     | 15289 ||| BUYING +4 ring of protection (504 gold).
 15289 | D:11     | Bought a +4 ring of protection for 504 gold pieces
 15289 | D:11     | 15289 ||| SHOPLISTING amulet of reflection (420 gold, have
                  | 186).
 15525 | D:11     | Reached skill level 9 in Dodging
 15659 | D:11     | 15659 ||| PLANNING D
 15659 | D:11     | 15659 ||| DROPPING ring of willpower.
 15660 | D:11     | 15660 ||| DROPPING ring of positive energy.
 15661 | D:11     | 15661 ||| DROPPING ring of ice.
 15662 | D:11     | 15662 ||| DROPPING ring of Sagumuma {^Contam Fly rCorr
                  | Str+6 Int+5}.
 15951 | D:12     | Noticed Jorgrun
 15952 | D:12     | 15952 ||| INVOKING Finesse.
 15966 | D:12     | Killed Jorgrun
 16057 | D:12     | Identified the +10 glaive of Oplexuor {freeze, rF+}
 16316 | D:12     | 16316 ||| READING 4 scrolls of identify.
 16316 | D:12     | 16316 ||| IDENTIFYING black potion
 16356 | D:13     | 16356 ||| STAIRDANCE
 16363 | D:13     | 16363 ||| STAIRDANCE
 16427 | D:13     | Received a gift from Okawaru
 16508 | D:13     | 16508 ||| RETREEEEATING.
 16510 | D:13     | 16510 ||| RETREEEEATING.
 16546 | D:13     | Found a gate to the Vaults.
 17255 | D:14     | Found a runed translucent gate.
 17255 | D:14     | Found a runed translucent gate.
 17255 | D:14     | Found a runed translucent gate.
 17255 | D:14     | Noticed Jogov's ghost (journeyman DgHW)
 17861 | D:14     | 17861 ||| DROPPING ring of wizardry.
 17883 | D:15     | Entered Level 15 of the Dungeon
 17899 | D:15     | 17899 ||| RETREEEEATING.
 17906 | D:15     | 17906 ||| RETREEEEATING.
 17907 | D:15     | 17907 ||| RETREEEEATING.
 17910 | D:15     | 17910 ||| RETREEEEATING.
 17913 | D:15     | 17913 ||| RETREEEEATING.
 17915 | D:15     | 17915 ||| RETREEEEATING.
 17917 | D:15     | 17917 ||| RETREEEEATING.
 17939 | D:15     | 17939 ||| READING scroll of enchant armour.
 17939 | D:15     | 17939 ||| ENCHANTING +2 steam dragon scales.
 17956 | D:15     | Received a gift from Okawaru
 17957 | D:15     | Reached skill level 20 in Ranged Weapons
 18015 | D:15     | Noticed Louise
 18016 | D:15     | 18016 ||| INVOKING Finesse.
 18023 | D:15     | Killed Louise
 18124 | D:15     | Found a staircase to the Depths.
 18172 | D:15     | Identified the +0 helmet of the Ten of Wands {Fly rC+}
 18991 | D:15     | 18991 ||| PLANNING ORC
 18991 | D:15     | 18991 ||| DROPPING +0 helmet of the Ten of Wands {Fly rC+}.
 19136 | Orc:1    | Entered Level 1 of the Orcish Mines
 19150 | Orc:1    | Found Izaerphuo's Weapon Boutique.
 19155 | Orc:1    | Found a runed translucent gate.
 19156 | Orc:1    | Found a runed translucent gate.
 19156 | Orc:1    | Found a runed translucent gate.
 19159 | Orc:1    | Noticed Maimakterion's ghost (journeyman GrFi)
 19243 | Orc:1    | Identified the +1 plate armour of Disaster {^Drain Will+
                  | Dex+4}
 19354 | Orc:1    | 19354 ||| RETREEEEATING.
 19362 | Orc:1    | 19362 ||| RETREEEEATING.
 19363 | Orc:1    | 19363 ||| RETREEEEATING.
 19364 | Orc:1    | 19364 ||| RETREEEEATING.
 19365 | Orc:1    | 19365 ||| RETREEEEATING.
 19367 | Orc:1    | 19367 ||| RETREEEEATING.
 19385 | Orc:1    | Received a gift from Okawaru
 19504 | Orc:1    | You are sucked into a shaft and drop 1 floor!
 19504 | Orc:2    | Entered Level 2 of the Orcish Mines
 19521 | Orc:2    | Reached XP level 16. HP: 92/106 MP: 7/23
 19537 | Orc:2    | Found Nyamn's General Store.
 19550 | Orc:2    | Found a staircase to the Elven Halls.
 19556 | Orc:2    | 19556 ||| BUYING potion of might (52 gold).
 19556 | Orc:2    | Bought a potion of might for 52 gold pieces
 19556 | Orc:2    | 19556 ||| BUYING potion of resistance (130 gold).
 19556 | Orc:2    | Bought a potion of resistance for 130 gold pieces
 19556 | Orc:2    | 19556 ||| BUYING scroll of teleportation (39 gold).
 19556 | Orc:2    | Bought a scroll of teleportation for 39 gold pieces
 19556 | Orc:2    | 19556 ||| BUYING wand of iceblast (5) (156 gold).
 19556 | Orc:2    | Bought a wand of iceblast (5) for 156 gold pieces
 19735 | Orc:2    | 19735 ||| FLEEEEING.
 19736 | Orc:2    | 19736 ||| FLEEEEING.
 19737 | Orc:2    | 19737 ||| FLEEEEING.
 19843 | Orc:2    | Found Cysyots's Book Shop.
 19935 | Orc:2    | Found Vaigeuf's Distillery.
 19944 | Orc:2    | 19944 ||| BUYING potion of cancellation (120 gold).
 19944 | Orc:2    | Bought a potion of cancellation for 120 gold pieces
 19944 | Orc:2    | 19944 ||| BUYING potion of curing (45 gold).
 19944 | Orc:2    | Bought a potion of curing for 45 gold pieces
 19944 | Orc:2    | 19944 ||| BUYING potion of enlightenment (75 gold).
 19944 | Orc:2    | Bought a potion of enlightenment for 75 gold pieces
 19944 | Orc:2    | 19944 ||| BUYING potion of enlightenment (75 gold).
 19944 | Orc:2    | Bought a potion of enlightenment for 75 gold pieces
 19944 | Orc:2    | 19944 ||| BUYING potion of heal wounds (75 gold).
 19944 | Orc:2    | Bought a potion of heal wounds for 75 gold pieces
 19944 | Orc:2    | 19944 ||| BUYING potion of mutation (120 gold).
 19944 | Orc:2    | Bought a potion of mutation for 120 gold pieces
 20098 | Orc:2    | 20098 ||| DRINKING 18 potions of curing.
 20098 | Orc:2    | 20098 ||| (to cure confusion)
 20109 | Orc:2    | Found Vearavet's Distillery.
 20120 | Orc:2    | 20120 ||| RETREEEEATING.
 20121 | Orc:2    | 20121 ||| INVOKING Finesse.
 20177 | Orc:2    | 20177 ||| INVOKING Heroism.
 20222 | Orc:2    | Found Jotil's Armour Boutique.
 20226 | Orc:2    | 20226 ||| SHOPLISTING 2 potions of haste (340 gold, have
                  | 167).
 20226 | Orc:2    | 20226 ||| BUYING potion of cancellation (136 gold).
 20226 | Orc:2    | Bought a potion of cancellation for 136 gold pieces
 20226 | Orc:2    | 20226 ||| SHOPLISTING potion of curing (51 gold, have 31).
 20226 | Orc:2    | 20226 ||| SHOPLISTING potion of enlightenment (85 gold,
                  | have 31).
 20229 | Orc:2    | Found Wyuschem's Antique Weapon Boutique.
 20231 | Orc:2    | Found Ryeff's Armour Emporium.
 20360 | Orc:2    | Found Baoqad's Antique Weapon Shop.
 20434 | Orc:2    | Found Amunad's Jewellery Emporium.
 20437 | Orc:2    | 20437 ||| SHOPLISTING +5 ring of evasion (648 gold, have
                  | 89).
 20437 | Orc:2    | 20437 ||| SHOPLISTING +6 ring of dexterity (648 gold, have
                  | 89).
 20437 | Orc:2    | 20437 ||| SHOPLISTING amulet of faith (720 gold, have 89).
 20437 | Orc:2    | 20437 ||| SHOPLISTING amulet of reflection (540 gold, have
                  | 89).
 20439 | Orc:2    | 20439 ||| PLANNING SNAKE:1-3
 20580 | Snake:1  | Entered Level 1 of the Snake Pit
 20581 | Snake:1  | 20581 ||| STAIRDANCE
 20590 | Snake:1  | 20590 ||| STAIRDANCE
 20611 | Lair:3   | 20611 ||| FLEEEEING.
 20679 | Snake:1  | 20679 ||| STAIRDANCE
 20682 | Lair:3   | Reached skill level 15 in Fighting
 20763 | Snake:1  | 20763 ||| INVOKING Finesse.
 20768 | Snake:1  | Received a gift from Okawaru
 20923 | Snake:1  | Reached skill level 9 in Armour
 20931 | Snake:1  | 20931 ||| FLEEEEING.
 21112 | Snake:1  | Noticed Frances
 21113 | Snake:1  | 21113 ||| ZAPPING wand of acid (13) at -2,1 (Frances;
                  | floor).
 21114 | Snake:1  | 21114 ||| ZAPPING wand of acid (12) at -2,1 (Frances;
                  | floor).
 21115 | Snake:1  | 21115 ||| RETREEEEATING.
 21117 | Snake:1  | 21117 ||| RETREEEEATING.
 21118 | Snake:1  | 21118 ||| INVOKING Finesse.
 21124 | Snake:1  | Gained mutation: You are vulnerable to cold. (rC-) [a
                  | neqoxec]
 21127 | Snake:1  | Killed Frances
 21359 | Snake:1  | 21359 ||| RETREEEEATING.
 21382 | Snake:1  | 21382 ||| FLEEEEING.
 21548 | Snake:1  | Found a bloodstained altar of Trog.
 21894 | Snake:1  | 21894 ||| DROPPING ring of resist corrosion.
 21926 | Snake:2  | 21926 ||| STAIRDANCE
 21933 | Snake:1  | Received a gift from Okawaru
 21966 | Snake:2  | 21966 ||| READING scroll of enchant armour.
 21966 | Snake:2  | 21966 ||| ENCHANTING +3 steam dragon scales.
 22043 | Snake:2  | Found Orufuts's General Store.
 22056 | Snake:2  | 22056 ||| SHOPLISTING potion of cancellation (104 gold,
                  | have 89).
 22056 | Snake:2  | 22056 ||| SHOPLISTING wand of paralysis (4) (124 gold, have
                  | 89).
 22325 | Snake:2  | 22325 ||| INVOKING Finesse.
 22331 | Snake:2  | Received a gift from Okawaru
 22339 | Snake:2  | Reached XP level 17. HP: 116/116 MP: 2/24
 22728 | Snake:3  | 22728 ||| RETREEEEATING.
 22729 | Snake:3  | 22729 ||| RETREEEEATING.
 22730 | Snake:3  | 22730 ||| RETREEEEATING.
 22731 | Snake:3  | 22731 ||| RETREEEEATING.
 22732 | Snake:3  | 22732 ||| RETREEEEATING.
 22733 | Snake:3  | 22733 ||| INVOKING Finesse.
 23046 | Snake:3  | 23046 ||| RETREEEEATING.
 23048 | Snake:3  | 23048 ||| RETREEEEATING.
 23050 | Snake:3  | 23050 ||| RETREEEEATING.
 23059 | Snake:3  | 23059 ||| RETREEEEATING.
 23060 | Snake:3  | 23060 ||| RETREEEEATING.
 23061 | Snake:3  | 23061 ||| RETREEEEATING.
 23062 | Snake:3  | 23062 ||| RETREEEEATING.
 23063 | Snake:3  | 23063 ||| INVOKING Finesse.
 23144 | Snake:3  | Received a gift from Okawaru
 23307 | Snake:3  | 23307 ||| INVOKING Finesse.
 23316 | Snake:3  | Reached skill level 12 in Dodging
 23579 | Snake:3  | Found a runed translucent door.
 24064 | Snake:3  | 24064 ||| PLANNING SHOALS:1-3
 24064 | Snake:3  | 24064 ||| DROPPING +2 robe of fire resistance.
 24234 | Shoals:1 | Entered Level 1 of the Shoals
 24234 | Shoals:1 | Found Itidduud's Magic Scroll Boutique.
 24251 | Shoals:1 | 24251 ||| BUYING scroll of brand weapon (104 gold).
 24251 | Shoals:1 | Bought a scroll of brand weapon for 104 gold pieces
 24251 | Shoals:1 | 24251 ||| BUYING scroll of identify (22 gold).
 24251 | Shoals:1 | Bought a scroll of identify for 22 gold pieces
 24251 | Shoals:1 | 24251 ||| BUYING scroll of identify (22 gold).
 24251 | Shoals:1 | Bought a scroll of identify for 22 gold pieces
 24251 | Shoals:1 | 24251 ||| BUYING scroll of identify (22 gold).
 24251 | Shoals:1 | Bought a scroll of identify for 22 gold pieces
 24251 | Shoals:1 | 24251 ||| BUYING scroll of identify (22 gold).
 24251 | Shoals:1 | Bought a scroll of identify for 22 gold pieces
 24251 | Shoals:1 | 24251 ||| SHOPLISTING scroll of teleportation (33 gold,
                  | have 0).
 24337 | Shoals:1 | 24337 ||| DROPPING +0 hand cannon of flaming.
 24340 | Shoals:1 | Identified the +6 hand cannon "Goanu" {elec, Str+3 Dex+4}
 24342 | Shoals:1 | 24342 ||| SWAPPING to +6 hand cannon "Goanu" {elec, Str+3
                  | Dex+4}.
 24343 | Shoals:1 | 24343 ||| FLEEEEING.
 24427 | Shoals:1 | 24427 ||| DROPPING +10 longbow "Imekh" {antimagic, Str+3}.
 24471 | Shoals:1 | 24471 ||| FLEEEEING.
 24667 | Shoals:1 | 24667 ||| INVOKING Finesse.
 24777 | Shoals:1 | 24777 ||| FLEEEEING.
 24778 | Shoals:1 | 24778 ||| FLEEEEING.
 24779 | Shoals:1 | 24779 ||| FLEEEEING.
 24780 | Shoals:1 | 24780 ||| FLEEEEING.
 24781 | Shoals:1 | 24781 ||| FLEEEEING.
 24794 | Shoals:1 | 24794 ||| FLEEEEING.
 24838 | Shoals:1 | Identified the +8 falchion "Ykuasamp" {holy, Str+3 Dex+2}
 25114 | Shoals:1 | 25114 ||| DROPPING +0 pair of boots of flying.
 25176 | Shoals:2 | Noticed Ilsuiw
 25181 | Shoals:2 | 25181 ||| INVOKING Finesse.
 25199 | Shoals:2 | Killed Ilsuiw
 25204 | Shoals:2 | Reached XP level 18. HP: 109/124 MP: 21/25
 25565 | Shoals:2 | Reached skill level 21 in Ranged Weapons
 25893 | Shoals:2 | 25893 ||| DROPPING wand of mindburst (24).
 25920 | Shoals:3 | 25920 ||| STAIRDANCE
 26043 | Shoals:3 | Received a gift from Okawaru
 26231 | Shoals:3 | Identified the ring of Roif {Fire MP+9 Int+4}
 26657 | Shoals:3 | 26657 ||| PLANNING SNAKE:4
 26657 | Shoals:3 | 26657 ||| DROPPING ring of Roif {Fire MP+9 Int+4}.
 26879 | Snake:4  | Entered Level 4 of the Snake Pit
 26918 | Snake:4  | Identified the +7 short sword of Dithmenos's Reproof
                  | {speed, *Rage rElec Str+4 Int+3}
 26948 | Snake:4  | 26948 ||| RETREEEEATING.
 26950 | Snake:4  | 26950 ||| RETREEEEATING.
 26952 | Snake:4  | 26952 ||| RETREEEEATING.
 26953 | Snake:4  | 26953 ||| RETREEEEATING.
 26959 | Snake:4  | 26959 ||| RETREEEEATING.
 26960 | Snake:4  | 26960 ||| RETREEEEATING.
 26961 | Snake:4  | 26961 ||| ZAPPING wand of acid (20) at 3,1 (naga ritualist;
                  | floor).
 26962 | Snake:4  | 26962 ||| INVOKING Finesse.
 27021 | Snake:4  | 27021 ||| RETREEEEATING.
 27022 | Snake:4  | 27022 ||| RETREEEEATING.
 27023 | Snake:4  | 27023 ||| RETREEEEATING.
 27024 | Snake:4  | 27024 ||| RETREEEEATING.
 27025 | Snake:4  | 27025 ||| RETREEEEATING.
 27026 | Snake:4  | 27026 ||| RETREEEEATING.
 27027 | Snake:4  | 27027 ||| INVOKING Finesse.
 27061 | Snake:4  | Received a gift from Okawaru
 27126 | Snake:4  | 27126 ||| INVOKING Finesse.
 27176 | Snake:4  | 27176 ||| RETREEEEATING.
 27181 | Snake:4  | 27181 ||| RETREEEEATING.
 27186 | Snake:4  | 27186 ||| RETREEEEATING.
 27187 | Snake:4  | 27187 ||| ZAPPING wand of acid (19) at -1,-2 (naga
                  | sharpshooter; floor).
 27188 | Snake:4  | 27188 ||| RETREEEEATING.
 27189 | Snake:4  | 27189 ||| RETREEEEATING.
 27190 | Snake:4  | 27190 ||| RETREEEEATING.
 27191 | Snake:4  | 27191 ||| INVOKING Finesse.
 27199 | Snake:4  | 27199 ||| INVOKING Heroism.
 27205 | Snake:4  | Reached skill level 22 in Ranged Weapons
 27205 | Snake:4  | 27205 ||| RETREEEEATING.
 27206 | Snake:4  | 27206 ||| RETREEEEATING.
 27221 | Snake:4  | 27221 ||| RETREEEEATING.
 27222 | Snake:4  | 27222 ||| RETREEEEATING.
 27223 | Snake:4  | 27223 ||| RETREEEEATING.
 27249 | Snake:4  | 27249 ||| INVOKING Finesse.
 27279 | Snake:4  | 27279 ||| FLEEEEING.
 27285 | Snake:4  | 27285 ||| STAIRDANCE
 27535 | Snake:4  | 27535 ||| RETREEEEATING.
 27536 | Snake:4  | 27536 ||| INVOKING Finesse.
 27614 | Snake:4  | 27614 ||| INVOKING Finesse.
 27757 | Snake:4  | 27757 ||| FLEEEEING.
 27758 | Snake:4  | 27758 ||| FLEEEEING.
 27759 | Snake:4  | 27759 ||| FLEEEEING.
 27760 | Snake:4  | 27760 ||| FLEEEEING.
 27768 | Snake:4  | 27768 ||| FLEEEEING.
 27775 | Snake:4  | 27775 ||| FLEEEEING.
 27776 | Snake:4  | 27776 ||| STAIRDANCE
 27957 | Snake:4  | Found an iron altar of Okawaru.
 27958 | Snake:4  | Received a gift from Okawaru
 28065 | Snake:4  | 28065 ||| INVOKING Finesse.
 28074 | Snake:4  | Reached skill level 23 in Ranged Weapons
 28124 | Snake:4  | Got a serpentine rune of Zot
 28191 | Snake:4  | 28191 ||| PLANNING VAULTS:1-4
 28446 | Vaults:1 | Entered Level 1 of the Vaults
 28540 | Vaults:1 | 28540 ||| FLEEEEING.
 28904 | Vaults:1 | 28904 ||| RETREEEEATING.
 28906 | Vaults:1 | 28906 ||| RETREEEEATING.
 28908 | Vaults:1 | 28908 ||| RETREEEEATING.
 28910 | Vaults:1 | 28910 ||| RETREEEEATING.
 28911 | Vaults:1 | 28911 ||| RETREEEEATING.
 28912 | Vaults:1 | 28912 ||| RETREEEEATING.
 28914 | Vaults:1 | 28914 ||| RETREEEEATING.
 28920 | Vaults:1 | Reached XP level 19. HP: 128/128 MP: 26/26
 28921 | Vaults:1 | 28921 ||| RETREEEEATING.
 28987 | Vaults:1 | 28987 ||| FLEEEEING.
 29115 | Vaults:1 | 29115 ||| RETREEEEATING.
 29116 | Vaults:1 | 29116 ||| RETREEEEATING.
 29117 | Vaults:1 | 29117 ||| RETREEEEATING.
 29118 | Vaults:1 | 29118 ||| RETREEEEATING.
 29123 | Vaults:1 | 29123 ||| RETREEEEATING.
 29124 | Vaults:1 | 29124 ||| RETREEEEATING.
 29125 | Vaults:1 | 29125 ||| RETREEEEATING.
 29126 | Vaults:1 | 29126 ||| RETREEEEATING.
 29127 | Vaults:1 | 29127 ||| INVOKING Finesse.
 29135 | Vaults:1 | HP: 18/128 [ironbound frostheart/creeping frost (21)]
 29136 | Vaults:1 | 29136 ||| READING 13 scrolls of teleportation.
 29136 | Vaults:1 | HP: 7/128 [ironbound frostheart/creeping frost (13)]
 29137 | Vaults:1 | 29137 ||| DRINKING 4 potions of heal wounds.
 29139 | Vaults:1 | 29139 ||| DRINKING 3 potions of heal wounds.
 29140 | Vaults:1 | 29140 ||| DRINKING 2 potions of heal wounds.
 29141 | Vaults:1 | 29141 ||| FLEEEEING.
 29519 | Vaults:1 | Reached skill level 24 in Ranged Weapons
 29595 | Vaults:2 | 29595 ||| STAIRDANCE
 29632 | Vaults:2 | 29632 ||| READING scroll of enchant armour.
 29632 | Vaults:2 | 29632 ||| ENCHANTING +4 steam dragon scales.
 29725 | Vaults:2 | 29725 ||| FLEEEEING.
 29975 | Vaults:2 | 29975 ||| RETREEEEATING.
 29982 | Vaults:2 | 29982 ||| RETREEEEATING.
 29983 | Vaults:2 | 29983 ||| RETREEEEATING.
 29984 | Vaults:2 | 29984 ||| RETREEEEATING.
 29985 | Vaults:2 | 29985 ||| RETREEEEATING.
 29986 | Vaults:2 | 29986 ||| RETREEEEATING.
 29987 | Vaults:2 | 29987 ||| RETREEEEATING.
 29988 | Vaults:2 | 29988 ||| RETREEEEATING.
 29989 | Vaults:2 | 29989 ||| RETREEEEATING.
 29990 | Vaults:2 | 29990 ||| RETREEEEATING.
 29991 | Vaults:2 | 29991 ||| INVOKING Finesse.
 30000 | Vaults:2 | HP: 27/128 [yaktaur captain (8)]
 30000 | Vaults:2 | Killed from afar by an ironbound frostheart

Levels and vault maps discovered:
D:1:      spicycebolla_arrival_transporter_tutorial, layout_basic,
          glass_columns_c, hex_intersection, grunt_decor_resistance
D:2:      layout_loops_ring, serial_shops, nicolae_shop_rolling_square,
          basic_altar, hellmonk_ecumenical_altar_inner_sanctum
D:3:      layout_basic, serial_shops, shop_fountains
D:4:      layout_loops_corners
D:5:      layout_basic, minmay_temple_entry_hall, chequers_serial_rivers_micro_b
D:6:      minmay_chambers_of_fours, layout_cave_pools, gammafunk_ghost_smash,
          hangedman_decor_points, minmay_misc_feat_tower, uniq_maggie
D:7:      layout_rooms, serial_library_hellmonk_room_a, minmay_shattered_shrine
D:8:      layout_loops_cross
D:9:      layout_basic, grunt_temple_overflow_open,
          minmay_orc_entry_temple_small, serial_shops, nicolae_square_shop,
          enter_bailey_4
D:10:     layout_roguey, minmay_lair_entry_grove, chequers_garden,
          dreamdust_deal_with_the_devil
D:11:     layout_basic, serial_shops, shop, shop
D:12:     layout_loops_ring, uniq_jorgrun
D:13:     layout_long_grid, david_vaults_1, chequers_serial_rivers_micro_a,
          nicolae_concentric_dashed_squares_mild
D:14:     layout_stronghold, chequers_serial_rivers_large_a,
          gammafunk_ghost_spectres
D:15:     hangedman_depths_entry_civil_slaughter, layout_layer_cave,
          chequers_big_river, uniq_louise
Temple:   nicolae_temple_bog_church
Lair:1:   layout_cave_shapes, gammafunk_ghost_hive, dreamdust_wasp_nest,
          grunt_megastairs_1, infiniplex_staircase_pool, lemuel_fruit_tree,
          lemuel_fruit_fields, serial_bayou_shore_a
Lair:2:   layout_gridlike, minmay_shoals_entry_centaurs
Lair:3:   nzn_winding_woodlands_small [nzn_winding_woodlands_5x15_longhouse,
          nzn_winding_woodlands_center_lodge, nzn_winding_woodlands_5x15_twine],
          layout_chaotic_city, nicolae_snake_entry_squirm, grunt_megastairs_5
Lair:4:   statuecave_lemuel, layout_misc_corridors
Lair:5:   due_jungle_book, layout_loops_ring, minmay_slime_entry_jelly_boxes,
          portal_ice_cave_entry_ice_simulacra, minmay_stone_trees_medium,
          eino_small_chamber_without_monster, uniq_urug
Shoals:1: layout_shoals, serial_shops, nicolae_shop_getting_attention,
          nicolae_shoals_the_drawing_of_the_three
Shoals:2: layout_shoals, uniq_ilsuiw
Shoals:3: layout_shoals, yaktaur_hedge
Snake:1:  layout_chambers, basic_altar, st_stairs_5, grunt_ministairs_7,
          drop_trap, hangedman_snake_thin_pillar_pass, uniq_frances
Snake:2:  layout_grid_maze, serial_shops, shop,
          nicolae_snake_snakes_in_the_grass
Snake:3:  cheibrodos_toxic_ritual, layout_chambers, st_stairs_2
Snake:4:  grunt_snake_rune_serpentine_throne, layout_onion_interference,
          basic_altar
Orc:1:    layout_caves, biasface_ghost_orc_armoury, serial_shops,
          nicolae_shop_window_shopping, lightli_church_of_beogh
Orc:2:    st_orc_elflike, layout_caves, serial_shops, shop,
          nicolae_shop_real_fake_doors, nicolae_shop_industrial_runoff, shop,
          shop
Vaults:1: nicolae_vaults_offset_grid_hallway_1, v_misc_24,
          nicolae_vaults_variable_pillar_hall, nicolae_vaults_hexular_roomagon,
          ontoclasm_vaults_shout, nicolae_vaults_asterisk,
          layout_vaults_omnigrid
Vaults:2: v_misc_15, ontoclasm_vaults_gateway, vaults_room_guarded_vault,
          nicolae_vaults_apartment_2, minmay_crypt_entry_nasty_monster,
          ontoclasm_vaults_hangar, nicolae_vaults_twisting_passages,
          vaults_room_door_hall, vaults_dpeg_encased_lava, vaults_room_boxed,
          nicolae_vaults_ring_of_whatevers, nicolae_vaults_yaktaur_gun_rack,
          nicolae_vaults_little_squares_5, layout_vaults_maze_bifur

Skill      XL: |  1  2  3  4  5  6  7  8  9 10 11 12 13 14 15 16 17 18 19 |
---------------+----------------------------------------------------------+-----
Ranged Weapons | 5 6 7 8 9 10 12 13 15 16 19 20 23 24 | 24.0
Fighting       | 3 4 6 7 8 9 10 12 14 16 17 | 17.6
Armour         | 1 2 3 4 5 6 7 8 9 10 | 10.0
Dodging        | 2 4 5 6 8 9 11 12 | 12.4
Invocations    | 4 5 9 10 | 10.0
Stealth        | |  1.1

Action                     |  1- 3 |  4- 6 |  7- 9 | 10-12 | 13-15 | 16-18 | 19-21 || total
---------------------------+-------+-------+-------+-------+-------+-------+-------++-------
   Fire: Shortbow          |    94 |   154 |   281 |   133 |       |       |       ||   662
         Orcbow            |       |       |       |   835 |   543 |       |       ||  1378
         Arbalest          |       |       |       |       |    36 |       |       ||    36
         Longbow           |       |       |       |       |   809 |   797 |       ||  1606
         Hand cannon       |       |       |       |       |       |   564 |   136 ||   700
 Invoke: Heroism           |       |       |     1 |     1 |     2 |     2 |       ||     6
         Finesse           |       |       |       |     7 |     8 |    17 |     2 ||    34
         Receive Weapon    |       |       |       |       |     1 |       |       ||     1
         Receive Armour    |       |       |       |       |     1 |       |       ||     1
  Evoke: Wand              |       |       |     3 |       |     1 |     4 |       ||     8
    Use: Scroll            |     2 |     8 |     5 |     8 |     9 |     1 |     2 ||    35
         Potion            |       |     2 |     1 |     5 |     1 |     1 |     3 ||    13
 Armour: Leather armour    |    26 |       |       |       |       |       |       ||    26
         Ring mail         |       |    79 |   137 |       |       |       |       ||   216
         Steam dragon scal |       |       |    13 |   375 |   399 |   237 |    84 ||  1108
         Skin              |       |       |     8 |       |       |       |       ||     8
  Dodge: Dodged            |    23 |    57 |   126 |   465 |   536 |   626 |   137 ||  1970
         Repelled          |       |       |       |       |     1 |    26 |     1 ||    28

Table legend:
 A = Non-vault XP
 B = Vault XP
 C = Vault XP percentage of total XP
 D = Non-vault monster count
 E = Vault monster count
 F = Vault count percentage of total count
                 A         B        C        D         E       F
            +---------+---------+-------+---------+---------+-------
      Total |  243140 |  102984 |  29.8 |     792 |     266 |  25.1
            +---------+---------+-------+---------+---------+-------
        D:1 |      33 |       0 |   0.0 |      20 |       0 |   0.0
        D:2 |      49 |       0 |   0.0 |       7 |       0 |   0.0
        D:3 |     158 |       0 |   0.0 |      19 |       0 |   0.0
        D:4 |     584 |       0 |   0.0 |      33 |       0 |   0.0
        D:5 |    1358 |       0 |   0.0 |      26 |       0 |   0.0
        D:6 |     967 |    1731 |  64.2 |      11 |       7 |  38.9
        D:7 |    1026 |    2295 |  69.1 |      15 |      12 |  44.4
        D:8 |    1623 |       0 |   0.0 |      28 |       0 |   0.0
        D:9 |    1396 |     319 |  18.6 |      28 |      15 |  34.9
       D:10 |    2884 |    2034 |  41.4 |      19 |      11 |  36.7
       D:11 |    4376 |       0 |   0.0 |      13 |       0 |   0.0
       D:12 |    4605 |    1704 |  27.0 |      13 |       1 |   7.1
       D:13 |    4009 |    4734 |  54.1 |      18 |       8 |  30.8
       D:14 |    3836 |       0 |   0.0 |      10 |       0 |   0.0
       D:15 |    8742 |    3814 |  30.4 |      23 |       6 |  20.7
     Lair:1 |    7230 |    2126 |  22.7 |      27 |       9 |  25.0
     Lair:2 |    5296 |     334 |   5.9 |      18 |       3 |  14.3
     Lair:3 |   11114 |    9950 |  47.2 |      35 |      33 |  48.5
     Lair:4 |    4900 |     677 |  12.1 |      26 |       1 |   3.7
     Lair:5 |   19751 |   15761 |  44.4 |      47 |      45 |  48.9
   Shoals:1 |   18638 |    1631 |   8.0 |      34 |       4 |  10.5
   Shoals:2 |    4797 |    4094 |  46.0 |      10 |       5 |  33.3
   Shoals:3 |    4335 |     327 |   7.0 |      10 |       1 |   9.1
    Snake:1 |   11913 |    3435 |  22.4 |      27 |       4 |  12.9
    Snake:2 |   18991 |    3311 |  14.8 |      41 |       6 |  12.8
    Snake:3 |   31426 |     658 |   2.1 |      64 |       2 |   3.0
    Snake:4 |   29517 |   24582 |  45.4 |      57 |      35 |  38.0
      Orc:1 |    2108 |    1737 |  45.2 |      25 |      23 |  47.9
      Orc:2 |    6321 |    8358 |  56.9 |      47 |      23 |  32.9
   Vaults:1 |   25901 |    7246 |  21.9 |      34 |       9 |  20.9
   Vaults:2 |    5256 |    2126 |  28.8 |       7 |       3 |  30.0
            +---------+---------+-------+---------+---------+-------
